 Dungeon Crawl Stone Soup version 0.31.0-1-g2c135a0 (webtiles) character file.

Game seed: 17409633765765417172

1391 Think the Nimble (level 8, 0/54 HPs)
             Began as an Octopode Fighter on Feb 8, 2024.
             Slain by a sky beast (6 damage)
             ... on level 6 of the Dungeon on Feb 19, 2024.
             The game lasted 00:10:28 (4984 turns).

Think the Nimble (Octopode Fighter)                 Turns: 4984, Time: 00:10:30

Health: 0/54       AC:  1    Str: 15    XL:     8   Next: 68%
Magic:  8/8        EV: 16    Int: 11    God:
Gold:   267        SH: 10    Dex: 13    Spells: 7/7 levels left

rFire   . . .        a - +1 long sword
rCold   . . .        b - +0 buckler
rNeg    . . .        (helmet restricted)
rPois   .            i - amulet of reflection
rElec   .            (no ring)
rCorr   .            (no ring)
SInv    .            (no ring)
Will    .....        (no ring)
Stlth   +++          (no ring)
HPRegen 0.29/turn    (no ring)
MPRegen 0.11/turn    (no ring)
                     (no ring)

%: reflection
@: no status effects
A: almost no armour, amphibious, 8 rings, camouflage 1, gelatinous body 1,
(nimble swimmer 1), tentacles
a: no special abilities


You were on level 6 of the Dungeon.
You visited 1 branch of the dungeon, and saw 6 of its levels.

You collected 267 gold pieces.

Inventory:

Hand Weapons
 a - a +1 long sword (weapon)
Missiles
 d - 4 poisoned darts (quivered)
Armour
 b - a +0 buckler (worn)
Jewellery
 i - an amulet of reflection (around mantle)
 p - an amulet of the acrobat
 r - a ring of willpower
Wands
 l - a wand of flame (11)
 q - a wand of digging (4)
 t - a wand of polymorph (11)
Scrolls
 c - a scroll of immolation
 e - a scroll of fear {unknown}
 g - a scroll of amnesia
 k - a scroll of fog
 o - 2 scrolls of revelation
 u - a scroll of teleportation
Potions
 f - a potion of magic
 j - 2 potions of curing
 m - a potion of mutation {unknown}
 n - a potion of brilliance
 s - 2 potions of attraction


   Skills:
 + Level 4.0 Fighting
 * Level 4.2 Long Blades
 - Level 2.0 Throwing
 + Level 8.4 Dodging
 - Level 4.0 Stealth
 + Level 4.0 Shields
 + Level 1.4 Evocations


You had 7 spell levels left.
You didn't know any spells.
Your spell library was empty.

Dungeon Overview and Level Annotations

Branches:
Dungeon (6/15)
 Temple: D:4-7

Altars:
Kikubaaqudgha
Okawaru
Qazlal
Sif Muna
Zin

Shops:
D:1 !   D:3 =   D:4 [*(?


Innate Abilities, Weirdness & Mutations

You cannot wear most types of armour.
You are amphibious.
You can wear up to eight rings at the same time.
Your skin changes colour to match your surroundings (Stealth+).
Your rubbery body absorbs attacks. (AC +1, EV +1)
((You are camouflaged when in or above water. (Stealth+)))
You have tentacles for arms and can constrict up to eight enemies at once.


Message History

The sky beast flickers out of sight!
Deactivating autopickup; reactivate with Ctrl-A.
Something hits you. Something shocks you.
No target in view!
No target in view!
No target in view!
No target in view!
No target in view!
No target in view!
No target in view!
No target in view!
No target in view!
Unknown command.
You barely miss something. Your squeeze misses something.
A sky beast appears from thin air!
Reactivating autopickup.
The sky beast barely misses you.
You miss the sky beast.
You squeeze the sky beast, but do no damage.
The sky beast is heavily wounded.
The sky beast closely misses you.
The sky beast flickers out of sight!
Deactivating autopickup; reactivate with Ctrl-A.
Something hits you. Something shocks you.
You closely miss something. Something hits you. Something shocks you.
You closely miss something. You block something's attack.
You closely miss something. Your squeeze misses something.
Something barely misses you.
You closely miss something. Your squeeze misses something.
Something barely misses you. x2
You closely miss something. Something hits you. Something shocks you.
You slash something! Something barely misses you.
You miss something. Something hits you. Something shocks you.
You closely miss something. Your squeeze misses something. Something hits you.
* * * LOW HITPOINT WARNING * * *
Something shocks you.
* * * LOW HITPOINT WARNING * * *
Something hits you.
* * * LOW HITPOINT WARNING * * *
Something shocks you.
You die...

#.....##... #.
#.....#..## #.
#.......... #
#.######......#
#.##......)......#
#........#..#.##.....
#........#.##.# ###
#........#.##.#
#....{@)......##.#
..................#
###.....?.#...#######
#.......#..........
###.####..<.#######
#. #[#.## #. #.#.# #.
#$#.# #.#


There were no monsters in sight!

Vanquished Creatures
  2 orc warriors (D:4)
  An ice beast (D:5)
  2 black bears (D:5)
  2 ogres (D:5)
  2 centaurs (D:5)
  A scorpion (D:5)
  3 vampire bats (D:4)
  2 hounds (D:5)
  2 bombardier beetles (D:5)
  Jessica (D:3)
  2 iguanas
  2 orc wizards
  12 adders
  A white imp (D:5)
  2 dart slugs
  2 ribbon worms
  9 orcs
  4 bats
  5 bat skeletons (D:4)
  2 bat zombies (D:4)
  7 endoplasms
  2 giant cockroaches
  8 goblins
  2 hobgoblins
  2 quokkas
  5 ball pythons
  2 frilled lizards (D:1)
  2 kobolds
  4 rats
93 creatures vanquished.

Vanquished Creatures (others)
  An orc wizard (D:5)
1 creature vanquished.

Grand Total: 94 creatures vanquished

Notes
Turn   | Place    | Note
-------+----------+-------------------------------------------
     0 | D:1      | Think the Octopode Fighter began the quest for the Orb.
     0 | D:1      | Reached XP level 1. HP: 16/16 MP: 1/1
    51 | D:1      | Reached skill level 1 in Stealth
   147 | D:1      | Reached XP level 2. HP: 21/21 MP: 2/2
   375 | D:1      | Found Zebups's Distillery.
   777 | D:2      | Reached XP level 3. HP: 26/26 MP: 3/3
  1238 | D:3      | Reached skill level 4 in Dodging
  1238 | D:3      | Reached XP level 4. HP: 31/31 MP: 4/4
  1425 | D:3      | Noticed Jessica
  1438 | D:3      | Killed Jessica
  1447 | D:3      | Reached XP level 5. HP: 13/36 MP: 5/5
  1671 | D:3      | Found Nuixytev's Jewellery Emporium.
  1778 | D:3      | Found a glowing silver altar of Zin.
  1849 | D:3      | Found a faded altar of an unknown god.
  1858 | D:3      | Reached skill level 5 in Dodging
  2507 | D:4      | Found Jacrou's Assorted Antiques.
  2549 | D:4      | Found Satiur's Antique Weapon Emporium.
  2584 | D:4      | Noticed an orc warrior
  2589 | D:4      | Reached XP level 6. HP: 42/42 MP: 6/6
  2592 | D:4      | Killed an orc warrior
  2593 | D:4      | Reached skill level 6 in Dodging
  2661 | D:4      | Found an iron altar of Okawaru.
  2739 | D:4      | Found Ocweil's Magic Scroll Emporium.
  2808 | D:4      | Found Jezaluuss's Antique Armour Shop.
  2908 | D:4      | Found a stormy altar of Qazlal.
  2961 | D:4      | Noticed an orc warrior
  3235 | D:4      | Killed an orc warrior
  3236 | D:4      | Reached skill level 1 in Throwing
  3236 | D:4      | Reached XP level 7. HP: 37/46 MP: 7/7
  3530 | D:4      | Found an ancient bone altar of Kikubaaqudgha.
  3543 | D:4      | Reached skill level 7 in Dodging
  3597 | D:5      | Entered Level 5 of the Dungeon
  3637 | D:5      | Found a shimmering blue altar of Sif Muna.
  3703 | D:5      | Reached skill level 8 in Dodging
  3842 | D:5      | Reached XP level 8. HP: 52/52 MP: 8/8
  4693 | D:5      | Reached skill level 1 in Evocations
  4984 | D:6      | Slain by a sky beast

Illustrated notes

Levels and vault maps discovered:
D:1:      wheals_arrival_shading, layout_basic, serial_shops,
          nicolae_shop_tiny_real_fake_doors
D:2:      layout_basic, chequers_mini_garden, grunt_decor_cap,
          kennysheep_decorative_pillar
D:3:      layout_loops_corners, mainiacjoe_overflow_alcove_1,
          hellmonk_ecumenical_altar_blasted, serial_shops, shop, uniq_jessica
D:4:      layout_cave_pods, mainiacjoe_overflow_tiny_flanked,
          lemuel_doored_altar, kennysheep_vampire_church, serial_shops, shop,
          shop, shop, nicolae_stop_n_shop_2, wad_floor_pattern_2,
          serial_park_tiny_pond
D:5:      black_bear_nest_1, layout_loops_ring,
          mainiacjoe_overflow_cross_hatched, serial_co_window_serial,
          co_window_paths_b, co_window_of_opportunity_a, co_window_paths_a,
          co_window_corner_a, co_window_paths_b, co_window_paths_b,
          co_window_paths_b, co_window_paths_a, co_window_paths_a,
          co_window_paths_c, co_window_broadway_c, co_window_broadway_b,
          co_window_of_opportunity_c, co_window_broadway_a, co_window_corner_ca,
          glass_columns_b, glass_columns_a,
          serial_library_hellmonk_angled_corner
D:6:      layout_loops_ring

Skill      XL: |  1  2  3  4  5  6  7  8 |
---------------+-------------------------+-----
Stealth        | 1 2 3 4 |  4.0
Dodging        | 4 5 6 8 |  8.4
Throwing       | 1 2 |  2.0
Long Blades    | 4 |  4.2
Evocations     | 1 |  1.4
Fighting       | 4 |  4.0
Shields        | 4 |  4.0

Action                     |  1- 3 |  4- 6 |  7- 9 || total
---------------------------+-------+-------+-------++-------
  Melee: Long sword        |    59 |    83 |   110 ||   252
         Tentacles         |     8 |    19 |    30 ||    57
         Constrict         |    13 |    24 |    22 ||    59
         Punch             |       |     1 |     1 ||     2
  Throw: Dart              |       |     9 |     8 ||    17
  Evoke: Wand              |       |     1 |       ||     1
    Use: Scroll            |     2 |     6 |     3 ||    11
         Potion            |       |     2 |       ||     2
   Stab: Sleeping          |     5 |    15 |    10 ||    30
 Armour: Skin              |    13 |    28 |    51 ||    92
  Dodge: Dodged            |    22 |    49 |    78 ||   149
  Block: Buckler           |    30 |    45 |    57 ||   132
         Reflection        |       |       |     1 ||     1
